 Dungeon Crawl Stone Soup version 0.30-a0-989-g0d87f670db (webtiles) character file.

Game seed: 16494555151774764096

108 BlueFish the Trooper (level 4, -1/31 HPs)
             Began as an Octopode Fighter on Apr 4, 2023.
             Slain by an orc wizard
             ... wielding a +1 dagger of speed
              (3 damage)
             ... on level 3 of the Dungeon.
             The game lasted 00:03:38 (2221 turns).

BlueFish the Trooper (Octopode Fighter)             Turns: 2221, Time: 00:03:38

Health: -1/31      AC:  1    Str: 17    XL:     4   Next: 87%
Magic:  4/4        EV: 13    Int: 10    God:
Gold:   129        SH:  4    Dex: 11    Spells: 3/3 levels left

rFire   . . .      SeeInvis .      - Unarmed
rCold   . . .      Faith    .    a - +0 buckler
rNeg    . . .      Spirit   .    (helmet restricted)
rPois   .          Reflect  .    (no amulet)
rElec   .          Rampage  .    (no ring)
rCorr   .                        (no ring)
Will    .....                    (no ring)
Stlth   +++                      (no ring)
HPRegen 0.25/turn                (no ring)
MPRegen 0.09/turn                (no ring)
                                 (no ring)
                                 (no ring)

@: no status effects
A: almost no armour, amphibious, 8 rings, camouflage 1, gelatinous body 1,
(nimble swimmer 1), tentacles
a: no special abilities


You were on level 3 of the Dungeon.
You visited 1 branch of the dungeon, and saw 3 of its levels.

You collected 129 gold pieces.

Inventory:

Missiles
 d - a throwing net (quivered)
 m - 23 stones
 s - 2 javelins
Armour
 a - a +0 buckler (worn)
Scrolls
 c - a scroll of fear {unknown}
 i - a scroll of teleportation {unknown}
 k - a scroll of enchant armour {unknown}
 l - a scroll of magic mapping {unknown}
 n - a scroll of enchant weapon {unknown}
 p - a scroll of vulnerability {unknown}
 q - a scroll of immolation {unknown}
Potions
 b - a potion of might
 e - a potion of mutation
 f - a potion of brilliance
 g - 3 potions of curing
 h - a potion of flight
 j - a potion of lignification
 o - a potion of haste
 r - a potion of cancellation {unknown}


   Skills:
 + Level 3.5 Fighting
 + Level 3.4 Dodging
 * Level 3.4 Stealth
 + Level 3.5 Shields
 + Level 2.5 Unarmed Combat


You had 3 spell levels left.
You didn't know any spells.
Your spell library was empty.

Dungeon Overview and Level Annotations

Branches:
Dungeon (3/15)

Altars:
Vehumet

Annotations:
D:3 exclusion: phantom


Innate Abilities, Weirdness & Mutations

You cannot wear most types of armour.
You are amphibious.
You can wear up to eight rings at the same time.
Your skin changes colour to match your surroundings (Stealth+).
Your rubbery body absorbs attacks. (AC +1, EV +1)
((You are camouflaged when in or above water. (Stealth+)))
You have tentacles for arms and can constrict up to eight enemies at once.


Message History

You bump into the rock wall.
The orc completely misses you. The orc hits you with a +0 mace!
You feel less confused. The orc closely misses you.
The orc attacks as you move away! The orc hits you with a +0 morningstar.
The orc barely misses you. The orc attacks as you move away!
You block the orc's attack. The orc attacks as you move away!
The orc hits you with a +0 mace. The orc attacks as you move away!
The orc hits you with a +0 mace.
You closely miss the orc. Your grab misses the orc.
The orc hits you with a +0 mace.
* * * LOW HITPOINT WARNING * * *
You barely miss the orc. You grab the orc. You constrict the orc.
The orc barely misses you.
You tentacle-slap the orc.
You kill the orc!
You tentacle-slap the orc but do no damage.
Your grab misses the orc. The orc closely misses you.
You tentacle-slap the orc but do no damage.
You grab the orc. You constrict the orc. The orc barely misses you. x2
You tentacle-slap the orc but do no damage.
You squeeze the orc.
You kill the orc!
The orc closely misses you.
You tentacle-slap the orc wizard. You grab the orc wizard.
You tentacle-slap the orc wizard.
The orc wizard is severely wounded.
You constrict the orc wizard.
The orc wizard hits you with a +1 dagger of speed.
* * * LOW HITPOINT WARNING * * *
The orc hits you from afar with a +0 trident.
* * * LOW HITPOINT WARNING * * *
You tentacle-slap the orc wizard.
The orc wizard is almost dead.
You constrict the orc wizard.
The orc wizard hits you with a +1 dagger of speed.
* * * LOW HITPOINT WARNING * * *
The orc barely misses you.
The orc wizard hits you with a +1 dagger of speed.
You die...

#......#...###
#......#...#..
######.#...#..
#.#...#.#
###########.#...).#
#...............#.#
##.########.#....†.
#.# #...#........
#@# #.#.###.#)#.#
#o####.#.###.#.#.#
#.o....#.......#.#
###.o.....##.###.#
#.##...........#
##.##..#.##.#####
#..............
#..#...........
#..#...#..#.###


You could see an orc wizard and an orc.

Vanquished Creatures
  3 adders
  2 gnolls (D:2)
  A worm (D:2)
  2 dart slugs
  3 orcs (D:3)
  2 bats
  5 giant cockroaches
  7 hobgoblins
  2 kobolds (D:1)
  7 quokkas
  6 ball pythons
  2 frilled lizards
  2 goblins
  6 rats
50 creatures vanquished.

Notes
Turn   | Place    | Note
-------+----------+-------------------------------------------
     0 | D:1      | BlueFish the Octopode Fighter began the quest for the Orb.
     0 | D:1      | Reached XP level 1. HP: 16/16 MP: 1/1
    66 | D:1      | Reached skill level 1 in Stealth
    71 | D:1      | Reached XP level 2. HP: 21/21 MP: 2/2
   494 | D:1      | Reached XP level 3. HP: 26/26 MP: 3/3
   876 | D:2      | Reached XP level 4. HP: 31/31 MP: 4/4
  1029 | D:2      | Found a faded altar of an unknown god.
  1231 | D:2      | Found a radiant altar of Vehumet.
  1817 | D:3      | Noticed a phantom
  2221 | D:3      | Slain by an orc wizard

Illustrated notes

Levels and vault maps discovered:
D:1:      evilmike_arrival_plus, layout_loops_ring, minmay_misc_feat_doors,
          minmay_pentomino_z4
D:2:      wad_woods_tower, layout_basic, basic_altar,
          ebering_ecumenical_altar_sacrificial, hex_intersection,
          grunt_ministairs_11, dreamdust_princess_bridge
D:3:      cheibrodos_pilgrimage, layout_basic

Skill      XL: |  1  2  3  4 |
---------------+-------------+-----
Stealth        | 1 2 3 |  3.4
Fighting       | |  3.5
Dodging        | |  3.4
Shields        | |  3.5
Unarmed Combat | |  2.5

Action                     |  1- 3 |  4- 6 || total
---------------------------+-------+-------++-------
  Melee: Unarmed           |    65 |    42 ||   107
         Constrict         |    19 |    13 ||    32
         Tentacles         |    14 |    12 ||    26
         Punch             |     2 |     2 ||     4
    Use: Scroll            |     4 |     2 ||     6
   Stab: Sleeping          |     9 |     8 ||    17
 Armour: Skin              |     1 |     2 ||     3
  Dodge: Dodged            |    45 |    27 ||    72
  Block: Buckler           |    11 |     6 ||    17

Table legend: (Time is in decaauts)
 A = Elapsed time spent in this place.
 B = Non-inter-level travel time spent in this place.
 C = Inter-level travel time spent in this place.
 D = Time resting spent in this place.
 E = Time spent auto-exploring this place.
 F = Levels seen in this place.
 G = Mean time per level.
                   A        B        C        D        E       F      G
               +--------+--------+--------+--------+--------+-----+--------+
         Total |   2221 |   2113 |    108 |      0 |   1695 |   3 |  740.3 |
       Dungeon |   2221 |   2113 |    108 |      0 |   1695 |   3 |  740.3 |
               +--------+--------+--------+--------+--------+-----+--------+

Top non-repeatable levels by time:
     D:2: 1158 daAuts
     D:1: 694 daAuts
     D:3: 368 daAuts
